[Event "Titled Tuesday Blitz December 20 Late 2022"]
[White "Rosenberg, Evan S"]
[Black "Jaracz, Pawel"]
[WhiteFideId "2019299"]
[BlackFideId "1102222"]
[WhiteElo "2409"]
[BlackElo "2460"]
[Result "0-1"]
[Round "01"]
[TimeControl "180+1"]
[Date "2022.12.21"]
[WhiteClock "0:00:01"]
[BlackClock "0:00:40"]

1. d4 Nf6 2. Nf3 g6 3. Nc3 Bg7 4. e4 d6 5. Be2 O-O 6. O-O a6 7. Re1 Nc6 8. d5 Na7 9. h3 c6 10. a4 b5 11. dxc6 b4 12. Nd5 Nxc6 13. Bc4 Bb7 14. Bg5 Nd7 15. Qc1 Rc8 16. Bh6 Na5 17. Bxg7 Kxg7 18. Bd3 Nb3 19. cxb3 Rxc1 20. Raxc1 Nc5 21. Bc4 a5 22. Rcd1 e6 23. Nf4 Qf6 24. Nd3 Nxe4 25. Re2 Rc8 26. Rde1 Nc5 27. Nxc5 Rxc5 28. Nd2 Qg5 29. g3 h5 30. Re3 h4 31. g4 Qf4 32. Bf1 Qd4 33. Nf3 Qxb2 34. Bg2 Bxf3 35. Bxf3 Rc1 36. Rxc1 Qxc1+ 37. Kg2 d5 38. Re2 Qb1 39. Re3 Qb2 0-1


[Site "https://www.chess.com"]

[Event "Titled Tuesday Blitz December 20 Late 2022"]
[White "Rustemov, Alexander"]
[Black "Reprintsev, Alexander"]
[WhiteFideId "4119002"]
[BlackFideId "14100541"]
[WhiteElo "2872"]
[BlackElo "2230"]
[Result "1-0"]
[Round "01"]
[TimeControl "180+1"]
[Date "2022.12.20"]
[WhiteClock "0:01:00"]
[BlackClock "0:00:12"]

1. d4 d5 2. Bf4 Nf6 3. e3 c5 4. c3 Qb6 5. Qb3 c4 6. Qc2 g6 7. Nd2 Bf5 8. Qc1 Bg7 9. h3 h5 10. Ngf3 Nfd7 11. Be2 Nc6 12. O-O O-O 13. Re1 Rae8 14. Bd1 e5 15. dxe5 Ndxe5 16. Nxe5 Bxe5 17. Bxe5 Nxe5 18. Bc2 Bxc2 19. Qxc2 Nd3 20. Reb1 f5 21. Nf3 f4 22. exf4 Rxf4 23. Rf1 Rxf3 24. gxf3 Qf6 25. f4 Qxf4 26. f3 Qg3+ 27. Qg2 Qxg2+ 28. Kxg2 Re2+ 29. Kg3 Rxb2 30. Rfb1 Rc2 31. Rxb7 g5 32. h4 gxh4+ 33. Kxh4 Ne5 34. f4 Nf7 35. Re1 Nd6 36. Rxa7 Ne4 37. Kxh5 Rxc3 38. Rb1 Rh3+ 39. Kg6 Rg3+ 40. Kf5 Nd6+ 41. Ke6 Nf7 42. Rb8+ Kg7 43. Rxf7+ 1-0


[Site "https://www.chess.com"]

[Event "Titled Tuesday Blitz December 20 Late 2022"]
[White "Sammed Jaykumar, Shete"]
[Black "Senft, Sean"]
[WhiteFideId "5073421"]
[BlackFideId "2044960"]
[WhiteElo "2278"]
[BlackElo "1989"]
[Result "1-0"]
[Round "01"]
[TimeControl "180+1"]
[Date "2022.12.21"]
[WhiteClock "0:01:42"]
[BlackClock "0:02:06"]

1. Nf3 d5 2. g3 Nf6 3. Bg2 c6 4. O-O Bg4 5. d3 e6 6. Nbd2 Be7 7. a4 Nbd7 8. a5 h6 9. a6 b6 10. c4 Rc8 11. Qc2 O-O 12. b3 dxc4 13. bxc4 c5 14. Bb2 Qc7 15. Nb1 Rcd8 16. Nc3 Qb8 17. Nb5 Ne8 18. Rfe1 Nc7 19. Ne5 Nxb5 20. Nc6 Qc7 21. Nxe7+ Kh8 22. cxb5 f5 23. Ng6+ Kh7 24. Nxf8+ Rxf8 25. d4 h5 26. dxc5 h4 27. Rac1 Nxc5 28. Bd4 h3 29. Bh1 Rc8 30. Bxc5 bxc5 31. Qc4 Qe5 32. Qf4 Qb2 33. Bf3 e5 34. Qg5 Bxf3 35. exf3 e4 36. Qxf5+ g6 37. Qxc8 Qf6 38. Qxh3+ 1-0


[Site "https://www.chess.com"]

[Event "Titled Tuesday Blitz December 20 Late 2022"]
[White "Savanovic, Aleksandar"]
[Black "Tari, Aryan"]
[WhiteFideId "914932"]
[BlackFideId "1510045"]
[WhiteElo "2409"]
[BlackElo "2620"]
[Result "0-1"]
[Round "01"]
[TimeControl "180+1"]
[Date "2022.12.20"]
[WhiteClock "0:00:08"]
[BlackClock "0:00:06"]

1. d4 Nf6 2. Bf4 g6 3. e3 Bg7 4. Nf3 O-O 5. Be2 d6 6. h3 Nbd7 7. O-O Qe8 8. c4 e5 9. Bh2 Ne4 10. Nc3 Nxc3 11. bxc3 Qe7 12. Rb1 e4 13. Nd2 c5 14. Qc2 Nf6 15. Rfd1 b6 16. Nb3 Re8 17. a4 h5 18. a5 Bf5 19. axb6 axb6 20. Nd2 Ra6 21. Rb2 Rea8 22. Bf1 h4 23. Rdb1 Nd7 24. g4 hxg3 25. Bxg3 Bf6 26. Bg2 Re8 27. Ra2 Rxa2 28. Qxa2 Bh4 29. Nf1 Kg7 30. Qa4 Rh8 31. Qc6 Bxg3 32. Nxg3 Bxh3 33. Qxe4 Qg5 34. Bxh3 Rxh3 35. Kg2 Nf6 36. Qf4 Qxf4 37. exf4 Rh4 38. Kf3 Nd7 39. Ne4 f5 40. Nxd6 Rh3+ 41. Ke2 Rxc3 42. d5 Kf6 43. Nc8 Rxc4 44. Nxb6 Nxb6 45. Rxb6+ Kf7 46. Kf3 Rd4 47. d6 Ke6 48. d7+ Kxd7 49. Rxg6 Rd5 50. Ke3 c4 51. Rf6 c3 52. Rf7+ Kc6 53. Rf8 Kb5 54. Rc8 Kb4 55. f3 Kb3 56. Rb8+ Kc2 57. Rc8 Kb2 58. Rb8+ Kc1 59. Ke2 c2 60. Rb7 Rd2+ 61. Ke1 Rd4 62. Ke2 Rxf4 63. Rb3 Rd4 64. Ke3 Kd1 65. Rc3 Rd5 66. Kf4 c1=Q+ 0-1


[Site "https://www.chess.com"]

[Event "Titled Tuesday Blitz December 20 Late 2022"]
[White "Sebag, Marie"]
[Black "De Souza, Cristiano Gomes"]
[WhiteFideId "617822"]
[BlackFideId "2151758"]
[WhiteElo "2440"]
[BlackElo "2068"]
[Result "1-0"]
[Round "01"]
[TimeControl "180+1"]
[Date "2022.12.21"]
[WhiteClock "0:01:33"]
[BlackClock "0:01:47"]

1. c4 Nf6 2. Nc3 g6 3. g3 Bg7 4. Bg2 O-O 5. Nf3 d6 6. O-O c5 7. d4 cxd4 8. Nxd4 Nbd7 9. b3 Nc5 10. Bb2 a6 11. Rc1 Rb8 12. Nd5 Ne6 13. Nxe6 fxe6 14. Nb4 Bd7 15. c5 a5 16. Nd3 Bb5 17. Nf4 Qd7 18. Bh3 Kh8 19. Nxe6 Rf7 20. Ng5 Qe8 21. Nxf7+ Qxf7 22. cxd6 exd6 23. Qxd6 Re8 24. Rc7 Qg8 25. Bxf6 1-0


[Site "https://www.chess.com"]

[Event "Titled Tuesday Blitz December 20 Late 2022"]
[White "Shimanov, Aleksandr"]
[Black "Przybylski, Wojciech"]
[WhiteFideId "4198603"]
[BlackFideId "1117599"]
[WhiteElo "2605"]
[BlackElo "2217"]
[Result "1-0"]
[Round "01"]
[TimeControl "180+1"]
[Date "2022.12.20"]
[WhiteClock "0:01:15"]
[BlackClock "0:00:28"]

1. e4 e5 2. Nf3 Nc6 3. Nc3 Nf6 4. h3 Be7 5. d4 exd4 6. Nxd4 d6 7. Nde2 O-O 8. g4 Re8 9. Bg2 Bf8 10. O-O Nd7 11. f4 Nc5 12. Ng3 g6 13. Be3 Bg7 14. Qd2 Be6 15. Rad1 Bc4 16. Rfe1 Ba6 17. e5 Rc8 18. Bxc5 dxc5 19. Bxc6 Qxd2 20. Rxd2 bxc6 21. Nge4 Bc4 22. g5 Red8 23. Red1 Rxd2 24. Rxd2 Be6 25. h4 Bf8 26. a3 Be7 27. Na4 c4 28. Kf2 Rd8 29. Rxd8+ Bxd8 30. Nf6+ Kg7 31. Ke3 h5 32. Kd4 Kf8 33. Nc5 Bxf6 34. Nxe6+ fxe6 35. exf6 1-0


[Site "https://www.chess.com"]

[Event "Titled Tuesday Blitz December 20 Late 2022"]
[White "Shoker, Samy"]
[Black "Bambino Filho, Antonio Carlos"]
[WhiteFideId "627143"]
[BlackFideId "2113163"]
[WhiteElo "2493"]
[BlackElo "2409"]
[Result "1-0"]
[Round "01"]
[TimeControl "180+1"]
[Date "2022.12.21"]
[WhiteClock "0:00:35"]
[BlackClock "0:01:01"]

1. c4 c5 2. g3 Nc6 3. Bg2 g6 4. Nc3 Bg7 5. a3 e5 6. b4 Nge7 7. bxc5 O-O 8. Rb1 f5 9. Nb5 e4 10. Bb2 Bxb2 11. Rxb2 Ne5 12. Qb3 N7c6 13. Nh3 Na5 14. Qc3 Naxc4 15. Rb4 a6 16. Nd6 Nxd6 17. Qxe5 Nf7 18. Qd5 d6 19. c6 bxc6 20. Qxc6 Be6 21. O-O Ne5 22. Qc2 a5 23. Nf4 axb4 24. Nxe6 Qe7 25. Nxf8 bxa3 26. Nxh7 Kxh7 27. d4 Ng4 28. Ra1 d5 29. e3 Ra7 30. Bf1 Qb4 31. Rb1 Qa4 32. Qa2 Qa5 33. h3 Nf6 34. Rb5 Qe1 35. Rb3 Rc7 36. Qxa3 Rc1 37. Qa6 Nh5 38. Rb7+ Kh6 39. Rb6 1-0


[Site "https://www.chess.com"]

[Event "Titled Tuesday Blitz December 20 Late 2022"]
[White "Sjugirov, Sanan"]
[Black "Tymrakiewicz, Rafal"]
[WhiteFideId "4189302"]
[BlackFideId "1108832"]
[WhiteElo "2613"]
[BlackElo "2139"]
[Result "1-0"]
[Round "01"]
[TimeControl "180+1"]
[Date "2022.12.20"]
[WhiteClock "0:00:37"]
[BlackClock "0:00:05"]

1. d4 Nf6 2. c4 d6 3. Nc3 e5 4. Nf3 Nc6 5. d5 Ne7 6. e4 g6 7. h3 Bg7 8. g4 O-O 9. Bd3 c6 10. Be3 a6 11. a4 a5 12. Nd2 Nd7 13. h4 f5 14. gxf5 gxf5 15. exf5 Nxf5 16. Bxf5 Rxf5 17. Nde4 Nf6 18. Ng3 Rf4 19. Bxf4 exf4 20. Nge2 Bg4 21. Qd3 Qb6 22. Nxf4 Re8+ 23. Kf1 Nh5 24. Nxh5 Qxb2 25. Rb1 Qxc3 26. Qxc3 Bxc3 27. Rg1 Re4 28. f3 Rxc4 29. Rxg4+ Rxg4 30. fxg4 Bb4 31. Nf4 c5 32. Nd3 Kf7 33. Ke2 1-0


[Site "https://www.chess.com"]

[Event "Titled Tuesday Blitz December 20 Late 2022"]
[White "Skibbe, Willi"]
[Black "Goroshkov, Maksym"]
[WhiteFideId "4682190"]
[BlackFideId "14142716"]
[WhiteElo "2351"]
[BlackElo "2258"]
[Result "0-1"]
[Round "01"]
[TimeControl "180+1"]
[Date "2022.12.21"]
[WhiteClock "0:01:30"]
[BlackClock "0:01:52"]

1. d4 Nf6 2. c4 e5 3. dxe5 Ng4 4. Bf4 Nc6 5. Nf3 Bb4+ 6. Nbd2 Qe7 7. a3 Ngxe5 8. Nxe5 Nxe5 9. e3 Bxd2+ 10. Qxd2 d6 11. Be2 b6 12. O-O Bb7 13. Rac1 O-O 14. b4 Rad8 15. Qc3 Qf6 16. Bg3 Qg6 17. c5 bxc5 18. bxc5 h5 19. Qc2 Be4 20. Qc3 h4 21. f3 hxg3 22. fxe4 gxh2+ 23. Kxh2 Qxe4 24. cxd6 cxd6 25. Rf4 Qg6 26. Qd4 Rfe8 27. Bd1 Qh6+ 28. Rh4 Qf6 29. Qxa7 Qxh4+ 0-1


[Site "https://www.chess.com"]

[Event "Titled Tuesday Blitz December 20 Late 2022"]
[White "Smith, Garrett L"]
[Black "Saveliev, Alexei"]
[WhiteFideId "2024829"]
[BlackFideId "24128546"]
[WhiteElo "2219"]
[BlackElo "2290"]
[Result "0-1"]
[Round "01"]
[TimeControl "180+1"]
[Date "2022.12.21"]
[WhiteClock "0:02:21"]
[BlackClock "0:02:56"]

1. e4 g6 2. d4 Bg7 3. Nc3 d6 4. Be3 Nc6 5. d5 Ne5 6. f4 Nd7 7. Nf3 Ngf6 8. Qd2 O-O 9. h3 c5 10. g4 a6 11. g5 Nh5 12. Rg1 b5 13. Be2 b4 14. Na4 Qa5 0-1


[Site "https://www.chess.com"]

[Event "Titled Tuesday Blitz December 20 Late 2022"]
[White "Sohal, Tanraj"]
[Black "Prithu Gupta"]
[WhiteFideId "2608499"]
[BlackFideId "46618546"]
[WhiteElo "2203"]
[BlackElo "2344"]
[Result "1-0"]
[Round "01"]
[TimeControl "180+1"]
[Date "2022.12.21"]
[WhiteClock "0:02:00"]
[BlackClock "0:01:23"]

1. e4 e5 2. Nf3 Nc6 3. Bc4 Nf6 4. d3 Bc5 5. Bg5 O-O 6. Nc3 Be7 7. a3 d6 8. h3 Be6 9. Qe2 Bxc4 10. dxc4 Nd4 11. Qd3 Ne6 12. Bxf6 Bxf6 13. g3 c6 14. O-O-O Be7 15. Qe2 a5 16. Nxe5 dxe5 17. Rxd8 Rfxd8 18. Kb1 a4 19. h4 Bc5 20. Rd1 Bd4 21. Qe1 1-0


[Site "https://www.chess.com"]

[Event "Titled Tuesday Blitz December 20 Late 2022"]
[White "Sokolovsky, Yahli"]
[Black "Guzman Moneo, Alberto"]
[WhiteFideId "2820242"]
[BlackFideId "2209616"]
[WhiteElo "2316"]
[BlackElo "2157"]
[Result "1-0"]
[Round "01"]
[TimeControl "180+1"]
[Date "2022.12.21"]
[WhiteClock "0:00:56"]
[BlackClock "0:00:01"]

1. b3 d5 2. Bb2 Bg4 3. Nf3 Bxf3 4. exf3 c6 5. g3 Nd7 6. Bg2 e6 7. O-O Ngf6 8. f4 Bc5 9. c4 dxc4 10. bxc4 O-O 11. d4 Bb6 12. Nc3 Re8 13. d5 cxd5 14. cxd5 exd5 15. Nxd5 Nxd5 16. Qxd5 Nc5 17. Rad1 Qxd5 18. Bxd5 Re2 19. Bd4 Rae8 20. Bc4 Rc2 21. Rc1 Rxc1 22. Rxc1 Nd3 23. Rd1 Bxd4 24. Rxd3 Bb6 25. Rd7 Rf8 26. f5 g6 27. fxg6 hxg6 28. Rxb7 Kg7 29. Rd7 Kf6 30. Kg2 g5 31. f3 Kg6 32. g4 Be3 33. a4 a5 34. h3 Bc5 35. Kf1 Bb4 36. Bd5 Bc5 37. Ke2 Bb4 38. Kd3 Bc5 39. Kc4 Bb4 40. Kb3 Bc5 41. Rb7 Bb4 42. Kb2 Bc5 43. Ka2 Bb4 44. Kb3 Bc5 45. Kc4 Bb4 46. Kb5 Kf6 47. Rc7 Bd2 48. Kc6 Bb4 49. Kd7 Ke5 50. Be4 f6 51. Rc6 Rf7+ 52. Ke8 Re7+ 53. Kd8 Rf7 54. Bg6 Rf8+ 55. Kd7 Rg8 56. Re6+ Kf4 57. Rxf6+ Kg3 58. Bf7 Rg7 59. Ke6 Bc3 60. Rh6 Kxf3 61. Ke7 Kg3 62. Kf8 Bb2 63. Rb6 Bd4 64. Rd6 Be5 65. Rd5 Bb2 66. Rb5 Bd4 67. Rxa5 Kxh3 68. Rd5 Bb2 69. Rd2 Be5 70. Re2 Bd4 71. Re4 Bf6 72. a5 Rh7 73. a6 1-0


[Site "https://www.chess.com"]

[Event "Titled Tuesday Blitz December 20 Late 2022"]
[White "Song, Guannan Terry"]
[Black "Tworuszka, Michal"]
[WhiteFideId "2614189"]
[BlackFideId "1117858"]
[WhiteElo "2115"]
[BlackElo "2421"]
[Result "1-0"]
[Round "01"]
[TimeControl "180+1"]
[Date "2022.12.21"]
[WhiteClock "0:00:05"]
[BlackClock "0:00:01"]

1. d4 Nf6 2. Bg5 Ne4 3. Bf4 d5 4. Nd2 Bf5 5. e3 Nxd2 6. Qxd2 e6 7. Nf3 Bd6 8. Bxd6 Qxd6 9. Bd3 Bxd3 10. cxd3 Nd7 11. O-O O-O 12. b4 c6 13. a4 a6 14. Rab1 Rfc8 15. Rfc1 h6 16. h3 b6 17. Rb2 Rc7 18. Rbc2 Rac8 19. e4 c5 20. dxc5 bxc5 21. bxc5 Rxc5 22. Rxc5 Rxc5 23. exd5 Qxd5 24. Rb1 Rc8 25. Qe3 Qa2 26. Rb7 Qxa4 27. Qa7 Rd8 28. d4 Qc6 29. Rc7 Qd6 30. g3 e5 31. dxe5 Nxe5 32. Nxe5 Qxe5 33. Rxf7 a5 34. Kh2 Rf8 35. Rxf8+ Kxf8 36. h4 Qb5 37. Qa8+ Kf7 38. Qf3+ Kg8 39. Qa8+ Kh7 40. Qe4+ Kg8 41. Qe6+ Kh7 42. g4 a4 43. Qe4+ 1-0


[Site "https://www.chess.com"]

[Event "Titled Tuesday Blitz December 20 Late 2022"]
[White "Steinberg, Nitzan"]
[Black "Karas, Marek"]
[WhiteFideId "2801795"]
[BlackFideId "14928558"]
[WhiteElo "2491"]
[BlackElo "2247"]
[Result "1-0"]
[Round "01"]
[TimeControl "180+1"]
[Date "2022.12.20"]
[WhiteClock "0:00:54"]
[BlackClock "0:00:02"]

1. e4 e6 2. d4 d5 3. Bd3 c5 4. exd5 exd5 5. Nf3 Nf6 6. O-O c4 7. Re1+ Be7 8. Bf1 O-O 9. b3 cxb3 10. axb3 Bg4 11. h3 Bh5 12. g4 Bg6 13. Ne5 Nc6 14. Nxg6 hxg6 15. c3 Bd6 16. Bg2 Re8 17. Be3 Qd7 18. Nd2 a6 19. g5 Ne4 20. Nxe4 dxe4 21. Qg4 Qxg4 22. hxg4 Re7 23. b4 Rc8 24. Bd2 Rce8 25. Re2 f6 26. Rb1 Na7 27. c4 f5 28. c5 Bb8 29. gxf5 gxf5 30. d5 g6 31. d6 Re6 32. Bf4 Nb5 33. Rd2 Rd8 34. Bf1 Kg7 35. Rb3 Na7 36. Bc4 Ree8 37. Bd5 Rd7 38. Rh3 Nc6 39. Bxc6 bxc6 40. Kg2 a5 41. b5 cxb5 42. c6 Rf7 43. c7 Bxc7 44. dxc7 b4 45. Rd8 Rxc7 46. Rxe8 1-0


[Site "https://www.chess.com"]

[Event "Titled Tuesday Blitz December 20 Late 2022"]
[White "Sztokbant, Bernardo Vainzoff"]
[Black "Cabarkapa, Novak"]
[WhiteFideId "2115956"]
[BlackFideId "943746"]
[WhiteElo "2222"]
[BlackElo "2395"]
[Result "0-1"]
[Round "01"]
[TimeControl "180+1"]
[Date "2022.12.21"]
[WhiteClock "0:00:21"]
[BlackClock "0:01:12"]

1. d3 d5 2. Nf3 Nc6 3. g3 e5 4. Bg2 Be6 5. O-O f6 6. Nbd2 Qd7 7. c4 Nge7 8. cxd5 Nxd5 9. a3 Bh3 10. Qc2 h5 11. b4 h4 12. Nb3 Bxg2 13. Kxg2 hxg3 14. fxg3 Qh3+ 15. Kf2 g5 16. b5 Nce7 17. e4 g4 18. exd5 gxf3 19. Ke1 Nxd5 20. Rxf3 O-O-O 21. Rf2 Bb4+ 22. axb4 Nxb4 23. Qe2 Nxd3+ 24. Qxd3 Rxd3 25. Nc5 Rd5 26. Be3 b6 27. Ne4 Qg4 28. Nxf6 Qb4+ 29. Kf1 Rd3 30. Rxa7 Qxb5 31. Kg1 Rd1+ 32. Kg2 Qc6+ 33. Rf3 Rxh2+ 34. Kxh2 Qxf3 0-1


[Site "https://www.chess.com"]

[Event "Titled Tuesday Blitz December 20 Late 2022"]
[White "Taboas Rodriguez, Daniel"]
[Black "Wieczorek, Zbigniew"]
[WhiteFideId "2208466"]
[BlackFideId "1102001"]
[WhiteElo "2329"]
[BlackElo "2232"]
[Result "1-0"]
[Round "01"]
[TimeControl "180+1"]
[Date "2022.12.21"]
[WhiteClock "0:02:14"]
[BlackClock "0:01:02"]

1. d4 d5 2. Nf3 c6 3. c4 Nf6 4. cxd5 cxd5 5. Nc3 Nc6 6. Bf4 a6 7. Rc1 Bg4 8. Ne5 Rc8 9. Nxg4 Nxg4 10. e3 Nf6 11. Qb3 b5 12. Nxb5 axb5 13. Bxb5 Qb6 14. Qa4 Kd7 15. O-O e6 16. Rxc6 Rxc6 17. Rc1 Bd6 18. Rxc6 1-0


[Site "https://www.chess.com"]

[Event "Titled Tuesday Blitz December 20 Late 2022"]
[White "Tatarinov, Dmitry"]
[Black "Szyszylo, Rafal"]
[WhiteFideId "24160067"]
[BlackFideId "1109626"]
[WhiteElo "2326"]
[BlackElo "1981"]
[Result "1-0"]
[Round "01"]
[TimeControl "180+1"]
[Date "2022.12.21"]
[WhiteClock "0:02:24"]
[BlackClock "0:01:24"]

1. d4 g6 2. Nf3 Bg7 3. e4 d6 4. Bc4 Nf6 5. Nc3 O-O 6. Bb3 Bg4 7. h3 Bxf3 8. Qxf3 Nc6 9. Be3 e5 10. dxe5 dxe5 11. Rd1 Nd4 12. Bxd4 exd4 13. O-O c5 14. Nd5 Nxd5 15. Bxd5 Qc7 16. a4 Rae8 17. b3 Kh8 18. Qd3 Be5 19. g3 g5 20. Kg2 Qd6 21. Qf3 f6 22. Rh1 b6 23. Rd3 Kg7 24. h4 h6 25. Qf5 Rd8 26. h5 Rh8 27. Rf1 Qd7 28. Qg6+ Kf8 29. f4 gxf4 30. gxf4 Bd6 31. Qxf6+ 1-0


[Site "https://www.chess.com"]

[Event "Titled Tuesday Blitz December 20 Late 2022"]
[White "Thiel, Thomas"]
[Black "Crevatin, Leo"]
[WhiteFideId "4615964"]
[BlackFideId "1726307"]
[WhiteElo "2224"]
[BlackElo "2190"]
[Result "1-0"]
[Round "01"]
[TimeControl "180+1"]
[Date "2022.12.21"]
[WhiteClock "0:00:15"]
[BlackClock "0:00:02"]

1. e4 c5 2. Nc3 Nc6 3. Bb5 Nd4 4. Bc4 a6 5. d3 b5 6. Bb3 e6 7. Nge2 Nxb3 8. axb3 Bb7 9. O-O Nf6 10. f4 Be7 11. e5 Nd5 12. Nxd5 Bxd5 13. Nc3 Bb7 14. Ne4 O-O 15. Nd6 Bxd6 16. exd6 Qb6 17. f5 exf5 18. Bf4 Rfe8 19. Qh5 g6 20. Qh6 Re6 21. Rf2 Rae8 22. Raf1 Qc6 23. h3 Re2 24. Qg5 R8e6 25. Rxe2 Rxe2 26. Rf2 Re6 27. h4 f6 28. Qg3 Qc8 29. Be3 Kf7 30. h5 c4 31. bxc4 bxc4 32. hxg6+ hxg6 33. Qh3 Kg8 34. d4 Qe8 35. Bd2 Re2 36. Bc3 Bd5 37. Qh6 Rxf2 38. Kxf2 Qf7 39. Bb4 g5 40. Bc5 f4 41. Qh3 Qe8 42. Qf5 Qe3+ 43. Kf1 Qc1+ 44. Ke2 Qe3+ 45. Kf1 Kg7 46. Qxd7+ Kg6 47. Qe7 Qc1+ 48. Qe1 Qxc2 49. Qe8+ 1-0


[Site "https://www.chess.com"]

[Event "Titled Tuesday Blitz December 20 Late 2022"]
[White "Thomforde-Toates, Noah"]
[Black "Rengifo Blancas, Renzo Jhonathan"]
[WhiteFideId "30951992"]
[BlackFideId "3807185"]
[WhiteElo "2602"]
[BlackElo "2058"]
[Result "1-0"]
[Round "01"]
[TimeControl "180+1"]
[Date "2022.12.21"]
[WhiteClock "0:01:30"]
[BlackClock "0:01:15"]

1. d4 d5 2. Nc3 e6 3. Bf4 Bd6 4. e3 Ne7 5. Nf3 O-O 6. Bd3 Ng6 7. Bg3 f5 8. Qe2 Nc6 9. a3 a6 10. h4 Bd7 11. h5 Nh8 12. Bh4 Be7 13. O-O-O Nf7 14. Rdg1 Nh6 15. Bxe7 Qxe7 16. Nh2 b5 17. f4 b4 18. axb4 Nxb4 19. g4 Rab8 20. g5 Nf7 21. g6 Nh6 22. gxh7+ Kh8 23. Nf3 c5 24. Ne5 c4 25. Ng6+ Kxh7 26. Nxe7 cxd3 27. Qg2 Ng4 28. Rh4 dxc2 29. Rxg4 fxg4 30. Qxg4 Nd3+ 31. Kxc2 Rxb2+ 32. Kxd3 g5 33. Qxg5 1-0


[Site "https://www.chess.com"]

[Event "Titled Tuesday Blitz December 20 Late 2022"]
[White "Tologon tegin, Semetei"]
[Black "Tarnowska, Aleksandra"]
[WhiteFideId "13800574"]
[BlackFideId "1180967"]
[WhiteElo "2264"]
[BlackElo "1776"]
[Result "1-0"]
[Round "01"]
[TimeControl "180+1"]
[Date "2022.12.21"]
[WhiteClock "0:00:22"]
[BlackClock "0:00:07"]

1. e4 c5 2. Nf3 e6 3. d4 cxd4 4. Nxd4 a6 5. Nc3 Qc7 6. Bd3 Nc6 7. Nb3 Nf6 8. O-O Be7 9. Be3 O-O 10. f4 d6 11. Qf3 b5 12. a3 Bb7 13. Qh3 Rfd8 14. Rae1 e5 15. Nd5 Qd7 16. Qf3 Rab8 17. f5 Re8 18. Nxe7+ Nxe7 19. Bg5 d5 20. Bxf6 gxf6 21. Nc5 Qc6 22. Nxb7 Rxb7 23. exd5 Qxd5 24. Be4 Qd4+ 25. Kh1 Rc7 26. c3 Qc4 27. Qg3+ Kh8 28. Qh4 Ng8 29. Rf3 h6 30. Rg3 Kh7 31. Qg4 1-0


[Site "https://www.chess.com"]

[Event "Titled Tuesday Blitz December 20 Late 2022"]
[White "Toncheva, Nadya"]
[Black "Joubert, Dantelle"]
[WhiteFideId "2924056"]
[BlackFideId "14310813"]
[WhiteElo "2101"]
[BlackElo "1507"]
[Result "1-0"]
[Round "01"]
[TimeControl "180+1"]
[Date "2022.12.21"]
[WhiteClock "0:00:15"]
[BlackClock "0:00:02"]

1. d4 d5 2. c4 c6 3. Nc3 Nf6 4. e3 e6 5. Nf3 Nbd7 6. Bd3 dxc4 7. Bxc4 b5 8. Bd3 Bd6 9. O-O Bb7 10. Qe2 a6 11. a4 O-O 12. Bd2 e5 13. dxe5 Nxe5 14. Nxe5 Bxe5 15. Rfd1 Qe7 16. Be1 Rfd8 17. h3 b4 18. Ne4 Nxe4 19. Bxe4 a5 20. Rac1 Qf6 21. b3 Bb2 22. Rc5 Rxd1 23. Qxd1 g6 24. Qc2 Ra6 25. Bf3 Be5 26. Be2 Ra8 27. f4 Bd6 28. Rc4 c5 29. Qd2 Qe7 30. Bf2 Re8 31. Rc1 Qe6 32. Bc4 Qe7 33. Rd1 Qe4 34. Bd5 Bxd5 35. Qxd5 Bf8 36. Qd3 Qxe3 37. Bxe3 1-0


[Site "https://www.chess.com"]

[Event "Titled Tuesday Blitz December 20 Late 2022"]
[White "UnknownMagician"]
[Black "Li, Hui"]
[BlackFideId "15400310"]
[WhiteElo "2625"]
[BlackElo "1954"]
[Result "1-0"]
[Round "01"]
[TimeControl "180+1"]
[Date "2022.12.21"]
[WhiteClock "0:00:05"]
[BlackClock "0:00:03"]

1. c4 e6 2. Nf3 d5 3. e3 Nf6 4. Nc3 Be7 5. b3 O-O 6. Bb2 b6 7. cxd5 Nxd5 8. Nxd5 exd5 9. d4 c5 10. Bd3 Nc6 11. dxc5 Bxc5 12. O-O Bg4 13. h3 Bh5 14. a3 Be7 15. Rc1 Rc8 16. Be2 Bg6 17. Ba6 Rc7 18. Qe2 Nb8 19. Rxc7 Qxc7 20. Bd3 Nd7 21. Rc1 Qd6 22. b4 Bf6 23. Bxg6 hxg6 24. Nd4 Ne5 25. Nb5 Qb8 26. Rd1 Rd8 27. Nd4 Qb7 28. Nb3 Nc4 29. Bxf6 gxf6 30. Qa2 Kg7 31. Nd4 Rd7 32. a4 Ne5 33. b5 a6 34. Rc1 axb5 35. axb5 Rc7 36. Rxc7 Qxc7 37. Qxd5 Qc1+ 38. Kh2 Qb2 39. f4 Nd3 40. Qd7 Ne1 41. Qg4 f5 42. Nxf5+ Kf6 43. Nd4 Kg7 44. f5 Qf2 45. fxg6 fxg6 46. Qg3 Qf1 47. Ne6+ Kf6 48. Nf4 g5 49. Nh5+ Kg6 50. Qd6+ Kf7 51. Qd7+ Kf8 52. Qg7+ Ke8 53. Nf6+ 1-0


[Site "https://www.chess.com"]

[Event "Titled Tuesday Blitz December 20 Late 2022"]
[White "Vlassov, Nikolai"]
[Black "Hernandez Jimenez, Alexander Andres"]
[WhiteFideId "4103360"]
[BlackFideId "3900452"]
[WhiteElo "2324"]
[BlackElo "2098"]
[Result "1-0"]
[Round "01"]
[TimeControl "180+1"]
[Date "2022.12.21"]
[WhiteClock "0:02:02"]
[BlackClock "0:01:45"]

1. e4 c5 2. c3 d5 3. exd5 Nf6 4. Bb5+ Bd7 5. Bxd7+ Qxd7 6. c4 g6 7. Nf3 Bg7 8. O-O O-O 9. Re1 b5 10. d3 b4 11. Nbd2 a5 12. Ne4 Na6 13. Be3 Qc7 14. Qd2 Ng4 15. Bf4 Ne5 16. Nxe5 Bxe5 17. Bxe5 Qxe5 18. Nxc5 1-0


[Site "https://www.chess.com"]

[Event "Titled Tuesday Blitz December 20 Late 2022"]
[White "Walentukiewicz, Michal"]
[Black "Torres Dominguez, David"]
[WhiteFideId "1126903"]
[BlackFideId "2220857"]
[WhiteElo "2028"]
[BlackElo "2037"]
[Result "0-1"]
[Round "01"]
[TimeControl "180+1"]
[Date "2022.12.21"]
[WhiteClock "0:01:24"]
[BlackClock "0:00:11"]

1. g3 e5 2. Bg2 Nc6 3. c4 f5 4. Nc3 Nf6 5. d3 Bb4 6. Bd2 Bxc3 7. Bxc3 d6 8. Nf3 O-O 9. O-O Qe8 10. b4 Qh5 11. b5 Nd8 12. Qb3 Kh8 13. a4 f4 14. a5 Bh3 15. b6 axb6 16. axb6 Rxa1 17. Rxa1 c5 18. Ra8 fxg3 19. hxg3 h6 20. Kf1 Bxg2+ 21. Kxg2 Ng4 22. Qd1 Rxf3 23. Rxd8+ Kh7 24. Kxf3 Qf5+ 25. Kg2 Qxf2+ 26. Kh3 Qf5 27. Kg2 Ne3+ 28. Kg1 Nxd1 29. Bd2 Qf2+ 30. Kh1 Qxe2 31. Ba5 Qf1+ 32. Kh2 Ne3 0-1


[Site "https://www.chess.com"]

[Event "Titled Tuesday Blitz December 20 Late 2022"]
[White "Ward, Ieuan C"]
[Black "Adla, Diego"]
[WhiteFideId "406627"]
[BlackFideId "100072"]
[WhiteElo "2341"]
[BlackElo "2377"]
[Result "1/2-1/2"]
[Round "01"]
[TimeControl "180+1"]
[Date "2022.12.21"]
[WhiteClock "0:00:29"]
[BlackClock "0:00:23"]

1. e4 e5 2. Nf3 Nc6 3. Bc4 Nf6 4. d3 Bc5 5. c3 O-O 6. O-O d6 7. a4 a5 8. h3 h6 9. Re1 Re8 10. Nbd2 Ne7 11. d4 exd4 12. Nxd4 Ng6 13. Qb3 Ne5 14. Bf1 Nc6 15. Nxc6 bxc6 16. Qc2 Rb8 17. Bd3 Nd7 18. Nb3 Bb6 19. Be3 Ne5 20. Bxb6 cxb6 21. Nd4 Nxd3 22. Qxd3 Qc7 23. Rad1 Be6 24. Nf5 Bxf5 25. exf5 Rxe1+ 26. Rxe1 d5 27. f6 g6 28. Qe3 Qd6 29. Qe7 Rd8 30. g4 Qxe7 31. Rxe7 Rd6 32. Rb7 c5 33. Kg2 d4 34. cxd4 cxd4 35. Kf1 Rxf6 36. Rd7 Rf4 37. Rd6 d3 38. Rxd3 Rxa4 39. Rb3 Ra1+ 40. Kg2 Kg7 41. Rxb6 a4 42. Rb4 Ra2 43. Kg3 a3 44. bxa3 Rxa3+ 45. f3 Ra2 46. Rb6 Ra4 47. Rc6 Rb4 48. Rd6 Rb8 49. Ra6 Re8 50. Rb6 Re6 51. Rxe6 fxe6 52. Kf4 Kf6 53. h4 e5+ 54. Ke4 Ke6 55. g5 h5 56. f4 exf4 57. Kxf4 Kd5 58. Kf3 Ke5 59. Ke3 Kf5 60. Kf3 Ke5 61. Ke3 Kf5 62. Kf3 Ke5 1/2-1/2


[Site "https://www.chess.com"]